Predators vs Rangers

Created - December 18, 2016 at 10:12

Goals
1 2 3 T
Predators 3 1 1 5
Rangers 0 0 1 1
Shots
1 2 3 T
Predators 17 3 7 27
Rangers 12 14 14 40

1st period

1. Predators , Derick Brassard 8 (Max Pacioretty, Kevin Hayes) at 7:34
2. Predators , Steven Stamkos 17 (Klas Dahlbeck, Zbynek Michalek) at 8:51 (PP)
3. Predators , Steven Stamkos 18 (Vladislav Namestnikov, Nicklas Backstrom) at 14:43

Penalties :
Joel Edmundson (NYR) for Holding (Minor) at 2:37, Joel Edmundson (NYR) for Hooking (Minor) at 7:51, Jordie Benn (NSH) for High sticking (Minor) at 12:11, Steven Stamkos (NSH) for Cross-checking (Minor) at 16:48

2nd period

4. Predators , Steven Stamkos 19 (Nicklas Backstrom, Vladislav Namestnikov) at 19:18

Penalties :
Klas Dahlbeck (NSH) for Hooking (Minor) at 1:20, Nicklas Backstrom (NSH) for Hooking (Minor) at 4:17, Derick Brassard (NSH) for Interference (Minor) at 7:45, Karl Alzner (NYR) for Hooking (Minor) at 11:15, Steven Stamkos (NSH) for High sticking (Minor) at 11:15, Cedric Paquette (NYR) for Cross-checking (Minor) at 11:52

3rd period

5. Rangers , Mikael Backlund 6 (Fredrik Claesson, Kris Russell) at 12:45
6. Predators , Vincent Trocheck 14 (Jaden Schwartz, Zbynek Michalek) at 19:28

Penalties :
Klas Dahlbeck (NSH) for Tripping (Minor) at 7:38, Vincent Trocheck (NSH) for High sticking (Minor) at 8:01, Klas Dahlbeck (NSH) for Roughing (Minor) at 10:19

Goalie Stats

Keith Kinkaid (NSH), 39 saves from 40 shots - (0.975), W, 4-2-1, 60:00 minutes
Scott Darling (NYR), 22 saves from 27 shots - (0.815), L, 5-10-1, 60:00 minutes

Players Stats for Predators

Player Name              G  A  P  +/- PIM S  H  SB GA TA FO     MP     PP MP  PK MP  
------------------------------------------------------------------------------------
Derick Brassard          1  0  1   0  2   3  0  0  0  0  0/2    14:22   0:00   0:00 
J.T. Miller              0  0  0   0  0   1  0  0  0  0  0/0     3:28   0:00   0:03 
Jaden Schwartz           0  1  1   1  0   4  0  1  0  0  6/9    20:37   1:50   9:06 
Joe Colborne             0  0  0   1  0   0  0  2  0  0  12/21  21:50   1:13   8:20 
John Moore               0  0  0   0  0   0  1  0  0  0  0/0    13:06   0:00   2:25 
Jordie Benn              0  0  0   2  2   0  3  1  0  0  0/0    21:24   2:24   5:56 
Kevin Hayes              0  1  1   0  0   1  1  0  0  0  0/0    14:01   0:00   0:00 
Klas Dahlbeck            0  1  1   0  6   1  0  2  0  0  0/0    18:35   1:12   4:37 
Magnus Paajarvi          0  0  0   0  0   0  0  0  0  0  0/0     1:52   0:37   1:13 
Max Pacioretty           0  1  1   0  0   4  1  0  0  0  11/13  14:01   0:00   0:00 
Nicklas Backstrom        0  2  2   2  2   1  0  0  0  0  15/23  16:00   1:46   0:00 
Phillip Di Giuseppe      0  0  0   0  0   0  0  0  0  0  0/0     3:25   0:00   0:00 
Roman Josi               0  0  0   0  0   0  0  4  0  0  0/0    17:21   0:00   0:40 
Steven Stamkos           3  0  3   2  4   8  3  0  0  0  0/1    16:03   1:50   0:00 
Vincent Trocheck         1  0  1   1  2   3  1  0  0  0  7/13   14:56   1:46   3:56 
Vladislav Namestnikov    0  2  2   2  0   0  1  0  0  0  1/8    21:32   1:46   4:20 
Zach Bogosian            0  0  0   2  0   0  4  2  0  0  0/0    27:19   2:24   8:52 
Zbynek Michalek          0  2  2   2  0   1  1  3  0  0  0/0    22:08   1:12   5:59 

Players Stats for Rangers

Player Name              G  A  P  +/- PIM S  H  SB GA TA FO     MP     PP MP  PK MP  
------------------------------------------------------------------------------------
Alex Goligoski           0  0  0  -3  0   1  1  1  0  0  0/0    24:03   6:23   2:34 
Benoit Pouliot           0  0  0  -2  0   2  1  2  0  0  2/4    20:57   8:33   1:53 
Brad Richards            0  0  0  -1  0   1  0  0  0  0  5/18   15:53   0:45   0:00 
Cedric Paquette          0  0  0   1  2   1  1  0  0  0  8/12   12:17   5:48   1:16 
Connor McDavid           0  0  0   0  0   8  0  0  0  0  15/33  22:34   7:43   0:00 
Craig Smith              0  0  0   0  0   2  1  1  0  0  0/0    14:51   0:00   0:00 
David Jones              0  0  0   0  0   0  0  0  0  0  0/0     0:00   0:00   0:00 
Fredrik Claesson         0  1  1   1  0   2  1  0  0  0  0/0    16:12   0:48   2:01 
Jaromir Jagr             0  0  0  -2  0   7  1  0  0  0  3/8    21:22   8:31   2:20 
Joel Edmundson           0  0  0  -1  4   1  3  1  0  0  0/0    19:42   6:23   0:48 
Karl Alzner              0  0  0  -3  2   4  0  2  0  0  0/0    23:09   7:05   1:36 
Kris Russell             0  1  1   1  0   1  0  1  0  0  0/0    24:34   7:53   2:57 
Mark Letestu             0  0  0  -2  0   2  0  0  0  0  5/11   10:10   0:00   0:00 
Matt Calvert             0  0  0  -2  0   1  2  0  0  0  0/2    19:00   5:45   3:05 
Mikael Backlund          1  0  1   1  0   2  1  0  0  0  0/0     4:37   0:00   0:00 
Nick Schultz             0  0  0  -1  0   0  0  0  0  0  0/0    12:17   0:00   0:00 
Tomas Tatar              0  0  0   0  0   2  1  0  0  0  0/1    20:34   5:43   0:00 
Tyler Ennis              0  0  0  -2  0   3  1  0  0  0  0/1    10:47   0:00   0:00 

3 Stars

1 - Steven Stamkos (NSH)
2 - Keith Kinkaid (NSH)
3 - Zbynek Michalek (NSH)

Power Play

Predators - 1 on 3 Attempt(s) - 33.33%
Rangers - 0 on 8 Attempt(s) - 0.00%

Penalty Kill

Predators - 8 on 8 Attempt(s) - 100.00% - Score 0 goal in Penalty Kill
Rangers - 2 on 3 Attempt(s) - 66.67% - Score 0 goal in Penalty Kill

Team Stat

Predators - Hits : 16 - Faceoff Wins : 52 - Blocked Shots : 15 - Penalty Minutes : 18
Rangers - Hits : 14 - Faceoff Wins : 38 - Blocked Shots : 8 - Penalty Minutes : 8

Official

Referees : Marc Joannette and Kyle Rehman
Linesman : Andy McElman and Steve Barton

Game Notes

Steven Stamkos has scored a Hat Trick!

Finance

Level 1 -- Attendance: 4859 (74.75%) -- Ticket Income $607,375
Level 2 -- Attendance: 4929 (98.58%) -- Ticket Income $369,675
Level 3 -- Attendance: 3405 (97.29%) -- Ticket Income $170,250
Level 4 -- Attendance: 2006 (100.00%) -- Ticket Income $50,150
Luxury Box -- Attendance: 724 (72.40%) -- Ticket Income $181,000
Game was played at the Madison Square Garden.
Total Attendance: 15923 (88.43%)
Total Ticket Income: $1,378,450
Other Income: $206,768
Total Income: $1,585,218

% Time on Ice - Predators

Lines # - Real PCT - Wanted PCT - Time Play
Normal Forward
1 - 35% - 40% - 14:15
2 - 35% - 30% - 14:01
3 - 21% - 20% - 8:28
4 - 9% - 10% - 3:25
Normal Defense
1 - 30% - 40% - 12:13
2 - 34% - 30% - 13:50
3 - 28% - 20% - 11:08
4 - 7% - 10% - 2:58
PP Forward
1 - 49% - 60% - 1:46
2 - 51% - 40% - 1:50
PP Defense
1 - 67% - 60% - 2:24
2 - 33% - 40% - 1:12
PK Forward
1 - 66% - 60% - 8:20
2 - 34% - 40% - 4:20
PK Defense
1 - 49% - 60% - 6:14
2 - 51% - 40% - 6:26
PK3 Forward
1 - 100% - 60% - 1:36
2 - 0% - 40% - 0:00
PK3 Defense
1 - 0% - 60% - 0:00
2 - 100% - 40% - 1:36
44 Forward
1 - 61% - 60% - 1:13
2 - 39% - 40% - 0:46
44 Defense
1 - 44% - 60% - 0:52
2 - 56% - 40% - 1:07
Last Minute Offensive  - 0:00
Last Minute Defensive  - 0:00
Total
Forward - 60:00
Defense - 60:00

% Time on Ice - Rangers

Lines # - Real PCT - Wanted PCT - Time Play
Normal Forward
1 - 37% - 40% - 14:51
2 - 26% - 30% - 10:31
3 - 25% - 20% - 10:10
4 - 11% - 10% - 4:37
Normal Defense
1 - 35% - 40% - 14:04
2 - 33% - 30% - 13:23
3 - 31% - 20% - 12:17
4 - 1% - 10% - 0:25
PP Forward
1 - 60% - 60% - 8:31
2 - 40% - 40% - 5:45
PP Defense
1 - 55% - 60% - 7:53
2 - 45% - 40% - 6:23
PK Forward
1 - 63% - 60% - 2:16
2 - 37% - 40% - 1:20
PK Defense
1 - 44% - 60% - 1:36
2 - 56% - 40% - 2:00
PK3 Forward
1 - 100% - 60% - 1:22
2 - 0% - 40% - 0:00
PK3 Defense
1 - 32% - 60% - 0:26
2 - 68% - 40% - 0:56
44 Forward
1 - 100% - 60% - 0:37
2 - 0% - 40% - 0:00
44 Defense
1 - 57% - 60% - 0:21
2 - 43% - 40% - 0:16
Last Minute Offensive  - 0:00
Last Minute Defensive  - 0:00
Total
Forward - 60:00
Defense - 60:00

Play by Play

1st period


0:01 of 1st period - Nicklas Backstrom wins face-off versus Connor McDavid in neutral zone.
0:04 of 1st period - Shot by Vladislav Namestnikov.
0:04 of 1st period - Shot Blocked by Alex Goligoski.
0:10 of 1st period - Karl Alzner is hit by Steven Stamkos and loses puck.
0:36 of 1st period - Off-side.
0:37 of 1st period - Max Pacioretty wins face-off versus Jaromir Jagr in neutral zone.
0:42 of 1st period - Icing by Benoit Pouliot.
0:43 of 1st period - Jaromir Jagr wins face-off versus Vincent Trocheck in Rangers zone.
1:00 of 1st period - Icing by Fredrik Claesson.
1:01 of 1st period - Max Pacioretty wins face-off versus Brad Richards in Rangers zone.
1:14 of 1st period - Shot by Max Pacioretty.
1:14 of 1st period - Shot Misses the Net.
1:16 of 1st period - Shot by Zbynek Michalek.
1:16 of 1st period - Stopped by Scott Darling with a rebound.
1:23 of 1st period - Max Pacioretty is hit by Fredrik Claesson and loses puck.
1:34 of 1st period - Shot by Derick Brassard.
1:34 of 1st period - Stopped by Scott Darling without a rebound.
1:35 of 1st period - Joe Colborne wins face-off versus Mark Letestu in Rangers zone.
1:58 of 1st period - Shot by J.T. Miller.
1:58 of 1st period - Stopped by Scott Darling without a rebound.
1:59 of 1st period - Nicklas Backstrom wins face-off versus Tomas Tatar in Rangers zone.
2:10 of 1st period - Shot by Vladislav Namestnikov.
2:10 of 1st period - Shot Misses the Net.
2:23 of 1st period - Shot by Steven Stamkos.
2:23 of 1st period - Stopped by Scott Darling without a rebound.
2:24 of 1st period - Jaden Schwartz wins face-off versus Brad Richards in Rangers zone.
2:24 of 1st period - Jaden Schwartz is hit by Joel Edmundson.
2:37 of 1st period - Minor Penalty to Joel Edmundson for Holding.
2:38 of 1st period - Jaromir Jagr wins face-off versus Vincent Trocheck in Rangers zone.
2:47 of 1st period - Shot by Jaromir Jagr.
2:47 of 1st period - Stopped by Keith Kinkaid without a rebound.
2:48 of 1st period - Jaden Schwartz wins face-off versus Jaromir Jagr in Predators zone.
2:48 of 1st period - Zach Bogosian is hit by Matt Calvert and loses puck.
3:06 of 1st period - Shot by Jaden Schwartz.
3:06 of 1st period - Shot Hit the Post.
3:08 of 1st period - Shot by Steven Stamkos.
3:08 of 1st period - Deflect By Jaden Schwartz.
3:08 of 1st period - Stopped by Scott Darling without a rebound.
3:09 of 1st period - Cedric Paquette wins face-off versus Vincent Trocheck in Rangers zone.
4:18 of 1st period - Shot by Steven Stamkos.
4:18 of 1st period - Stopped by Scott Darling without a rebound.
4:19 of 1st period - Jaden Schwartz wins face-off versus Benoit Pouliot in Rangers zone.
4:20 of 1st period - Shot by Steven Stamkos.
4:20 of 1st period - Deflect By Joe Colborne.
4:20 of 1st period - Shot Misses the Net.
4:22 of 1st period - Shot by Jordie Benn.
4:22 of 1st period - Shot Misses the Net.
4:37 of 1st period - Off-side.
4:38 of 1st period - Max Pacioretty wins face-off versus Connor McDavid in neutral zone.
4:52 of 1st period - Derick Brassard is hit by Joel Edmundson and loses puck.
5:18 of 1st period - Icing by Nick Schultz.
5:19 of 1st period - Nicklas Backstrom wins face-off versus Connor McDavid in Rangers zone.
5:26 of 1st period - Shot by Steven Stamkos.
5:26 of 1st period - Shot Misses the Net.
5:28 of 1st period - Shot by Steven Stamkos.
5:28 of 1st period - Deflect By Nicklas Backstrom.
5:28 of 1st period - Stopped by Scott Darling with a rebound.
6:16 of 1st period - Shot by Jaden Schwartz.
6:16 of 1st period - Stopped by Scott Darling without a rebound.
6:17 of 1st period - Vincent Trocheck wins face-off versus Matt Calvert in Rangers zone.
6:54 of 1st period - Shot by Vincent Trocheck.
6:54 of 1st period - Stopped by Scott Darling with a rebound.
7:22 of 1st period - Shot by Kevin Hayes.
7:22 of 1st period - Deflect By Max Pacioretty.
7:22 of 1st period - Shot Misses the Net.
7:24 of 1st period - Shot by Max Pacioretty.
7:24 of 1st period - Stopped by Scott Darling with a rebound.
7:26 of 1st period - Shot by Derick Brassard.
7:26 of 1st period - Shot Misses the Net.
7:34 of 1st period - Shot by Max Pacioretty.
7:34 of 1st period - Deflect By Derick Brassard.
7:34 of 1st period - Goal by Derick Brassard - Predators : 1 - Rangers : 0.
7:35 of 1st period - Nicklas Backstrom wins face-off versus Connor McDavid in neutral zone.
7:44 of 1st period - Shot by Steven Stamkos.
7:44 of 1st period - Shot Misses the Net.
7:46 of 1st period - Shot by Steven Stamkos.
7:46 of 1st period - Deflect By Nicklas Backstrom.
7:46 of 1st period - Shot Misses the Net.
7:51 of 1st period - Minor Penalty to Joel Edmundson for Hooking.
7:52 of 1st period - Vincent Trocheck wins face-off versus Jaromir Jagr in Rangers zone.
7:57 of 1st period - Shot by Jordie Benn.
7:57 of 1st period - Shot Misses the Net.
8:11 of 1st period - Shot by Zach Bogosian.
8:11 of 1st period - Shot Blocked by Benoit Pouliot.
8:13 of 1st period - Shot by Nicklas Backstrom.
8:13 of 1st period - Deflect By Vincent Trocheck.
8:13 of 1st period - Shot Misses the Net.
8:15 of 1st period - Shot by Nicklas Backstrom.
8:15 of 1st period - Shot Misses the Net.
8:49 of 1st period - Shot by Klas Dahlbeck.
8:49 of 1st period - Shot Misses the Net.
8:51 of 1st period - Shot by Steven Stamkos.
8:51 of 1st period - Goal by Steven Stamkos - Predators : 2 - Rangers : 0.
8:52 of 1st period - Max Pacioretty wins face-off versus Connor McDavid in neutral zone.
8:54 of 1st period - Roman Josi is hit by Tomas Tatar and loses puck.
9:01 of 1st period - Shot by Kevin Hayes.
9:01 of 1st period - Stopped by Scott Darling without a rebound.
9:02 of 1st period - Joe Colborne wins face-off versus Jaromir Jagr in Rangers zone.
9:18 of 1st period - Icing by Karl Alzner.
9:19 of 1st period - Max Pacioretty wins face-off versus Brad Richards in Rangers zone.
9:43 of 1st period - Icing by Alex Goligoski.
9:44 of 1st period - Nicklas Backstrom wins face-off versus Brad Richards in Rangers zone.
9:45 of 1st period - Shot by Steven Stamkos.
9:45 of 1st period - Stopped by Scott Darling with a rebound.
11:18 of 1st period - Shot by Mark Letestu.
11:18 of 1st period - Shot Misses the Net.
11:20 of 1st period - Shot by Mark Letestu.
11:20 of 1st period - Stopped by Keith Kinkaid without a rebound.
11:21 of 1st period - Vincent Trocheck wins face-off versus Brad Richards in Predators zone.
11:21 of 1st period - Vincent Trocheck is hit by Mikael Backlund.
11:41 of 1st period - Shot by Jaden Schwartz.
11:41 of 1st period - Stopped by Scott Darling without a rebound.
11:42 of 1st period - Mark Letestu wins face-off versus Max Pacioretty in Rangers zone.
11:46 of 1st period - Joel Edmundson is hit by John Moore and loses puck.
12:02 of 1st period - Shot by Mark Letestu.
12:02 of 1st period - Stopped by Keith Kinkaid without a rebound.
12:03 of 1st period - Connor McDavid wins face-off versus Jaden Schwartz in Predators zone.
12:06 of 1st period - Shot by Connor McDavid.
12:06 of 1st period - Stopped by Keith Kinkaid with a rebound.
12:08 of 1st period - Shot by Alex Goligoski.
12:08 of 1st period - Shot Blocked by Joe Colborne.
12:11 of 1st period - Minor Penalty to Jordie Benn for High sticking.
12:12 of 1st period - Joe Colborne wins face-off versus Connor McDavid in Predators zone.
13:08 of 1st period - Icing by Cedric Paquette.
13:09 of 1st period - Vladislav Namestnikov wins face-off versus Cedric Paquette in Rangers zone.
13:20 of 1st period - Shot by Cedric Paquette.
13:20 of 1st period - Shot Misses the Net.
13:22 of 1st period - Shot by Matt Calvert.
13:22 of 1st period - Shot Misses the Net.
13:26 of 1st period - Shot by Cedric Paquette.
13:26 of 1st period - Shot Hit the Post.
13:30 of 1st period - Shot by Tomas Tatar.
13:30 of 1st period - Stopped by Keith Kinkaid without a rebound.
13:31 of 1st period - Cedric Paquette wins face-off versus Joe Colborne in Predators zone.
13:34 of 1st period - Shot by Tomas Tatar.
13:34 of 1st period - Shot Misses the Net.
13:36 of 1st period - Shot by Kris Russell.
13:36 of 1st period - Stopped by Keith Kinkaid without a rebound.
13:37 of 1st period - Jaden Schwartz wins face-off versus Connor McDavid in Predators zone.
14:22 of 1st period - Shot by Tyler Ennis.
14:22 of 1st period - Stopped by Keith Kinkaid without a rebound.
14:23 of 1st period - Nicklas Backstrom wins face-off versus Brad Richards in Predators zone.
14:31 of 1st period - Icing by Zbynek Michalek.
14:32 of 1st period - Nicklas Backstrom wins face-off versus Mark Letestu in Predators zone.
14:43 of 1st period - Shot by Vladislav Namestnikov.
14:43 of 1st period - Deflect By Steven Stamkos.
14:43 of 1st period - Goal by Steven Stamkos - Predators : 3 - Rangers : 0.
14:44 of 1st period - Connor McDavid wins face-off versus Derick Brassard in neutral zone.
14:52 of 1st period - Fredrik Claesson is hit by Max Pacioretty and loses puck.
15:20 of 1st period - Shot by Connor McDavid.
15:20 of 1st period - Shot Misses the Net.
15:22 of 1st period - Shot by Connor McDavid.
15:22 of 1st period - Shot Misses the Net.
15:26 of 1st period - Shot by Tomas Tatar.
15:26 of 1st period - Shot Misses the Net.
15:50 of 1st period - Shot by Benoit Pouliot.
15:50 of 1st period - Shot Blocked by Roman Josi.
16:04 of 1st period - Shot by Benoit Pouliot.
16:04 of 1st period - Shot Misses the Net.
16:06 of 1st period - Shot by Jaromir Jagr.
16:06 of 1st period - Stopped by Keith Kinkaid without a rebound.
16:07 of 1st period - Mark Letestu wins face-off versus Nicklas Backstrom in Predators zone.
16:47 of 1st period - Mark Letestu is hit by Steven Stamkos and loses puck.
16:48 of 1st period - Minor Penalty to Steven Stamkos for Cross-checking.
16:49 of 1st period - Joe Colborne wins face-off versus Jaromir Jagr in Predators zone.
17:04 of 1st period - Shot by Benoit Pouliot.
17:04 of 1st period - Shot Misses the Net.
17:06 of 1st period - Shot by Connor McDavid.
17:06 of 1st period - Stopped by Keith Kinkaid without a rebound.
17:07 of 1st period - Joe Colborne wins face-off versus Cedric Paquette in Predators zone.
17:20 of 1st period - Shot by Karl Alzner.
17:20 of 1st period - Stopped by Keith Kinkaid without a rebound.
17:21 of 1st period - Connor McDavid wins face-off versus Joe Colborne in Predators zone.
17:22 of 1st period - Shot by Jaromir Jagr.
17:22 of 1st period - Shot Misses the Net.
17:24 of 1st period - Shot by Alex Goligoski.
17:24 of 1st period - Shot Blocked by Klas Dahlbeck.
18:02 of 1st period - Shot by Benoit Pouliot.
18:02 of 1st period - Stopped by Keith Kinkaid without a rebound.
18:03 of 1st period - Cedric Paquette wins face-off versus Vladislav Namestnikov in Predators zone.
18:20 of 1st period - Shot by Karl Alzner.
18:20 of 1st period - Shot Misses the Net.
18:24 of 1st period - Shot by Karl Alzner.
18:24 of 1st period - Stopped by Keith Kinkaid without a rebound.
18:25 of 1st period - Joe Colborne wins face-off versus Connor McDavid in Predators zone.
18:52 of 1st period - Shot by Brad Richards.
18:52 of 1st period - Shot Blocked by Klas Dahlbeck.
19:04 of 1st period - Shot by Max Pacioretty.
19:04 of 1st period - Stopped by Scott Darling with a rebound.
19:14 of 1st period - Shot by Max Pacioretty.
19:14 of 1st period - Shot Misses the Net.
19:16 of 1st period - Shot by Derick Brassard.
19:16 of 1st period - Shot Misses the Net.
19:18 of 1st period - Shot by John Moore.
19:18 of 1st period - Shot Hit the Post.
19:49 of 1st period - Icing by Zbynek Michalek.
19:50 of 1st period - Nicklas Backstrom wins face-off versus Connor McDavid in Predators zone.
19:56 of 1st period - Off-side.
19:57 of 1st period - Vincent Trocheck wins face-off versus Connor McDavid in neutral zone.
Goals for this period are 3 for Predators vs 0 for Rangers.
Shots for this period are 17 for Predators vs 12 for Rangers.

2nd period


0:01 of 2nd period - Connor McDavid wins face-off versus Nicklas Backstrom in neutral zone.
0:37 of 2nd period - Shot by Connor McDavid.
0:37 of 2nd period - Shot Misses the Net.
0:54 of 2nd period - Icing by Alex Goligoski.
0:55 of 2nd period - Joe Colborne wins face-off versus Connor McDavid in Rangers zone.
1:20 of 2nd period - Minor Penalty to Klas Dahlbeck for Hooking.
1:21 of 2nd period - Cedric Paquette wins face-off versus Joe Colborne in Predators zone.
1:22 of 2nd period - Shot by Jaromir Jagr.
1:22 of 2nd period - Shot Blocked by Zbynek Michalek.
3:17 of 2nd period - Shot by Connor McDavid.
3:17 of 2nd period - Stopped by Keith Kinkaid without a rebound.
3:18 of 2nd period - Benoit Pouliot wins face-off versus Vladislav Namestnikov in Predators zone.
3:22 of 2nd period - Icing by Max Pacioretty.
3:23 of 2nd period - Max Pacioretty wins face-off versus Brad Richards in Predators zone.
3:34 of 2nd period - Shot by Brad Richards.
3:34 of 2nd period - Stopped by Keith Kinkaid with a rebound.
4:17 of 2nd period - Minor Penalty to Nicklas Backstrom for Hooking.
4:18 of 2nd period - Connor McDavid wins face-off versus Joe Colborne in Predators zone.
4:19 of 2nd period - Shot by Karl Alzner.
4:19 of 2nd period - Stopped by Keith Kinkaid without a rebound.
4:20 of 2nd period - Joe Colborne wins face-off versus Connor McDavid in Predators zone.
4:49 of 2nd period - Off-side.
4:50 of 2nd period - Cedric Paquette wins face-off versus Joe Colborne in neutral zone.
5:32 of 2nd period - Off-side.
5:33 of 2nd period - Jaromir Jagr wins face-off versus Vladislav Namestnikov in neutral zone.
5:55 of 2nd period - Shot by Connor McDavid.
5:55 of 2nd period - Shot Misses the Net.
5:57 of 2nd period - Shot by Karl Alzner.
5:57 of 2nd period - Shot Misses the Net.
6:43 of 2nd period - Shot by Max Pacioretty.
6:43 of 2nd period - Stopped by Scott Darling without a rebound.
6:44 of 2nd period - Joe Colborne wins face-off versus Brad Richards in Rangers zone.
6:47 of 2nd period - Shot by Phillip Di Giuseppe.
6:47 of 2nd period - Shot Blocked by Karl Alzner.
7:06 of 2nd period - Shot by Cedric Paquette.
7:06 of 2nd period - Stopped by Keith Kinkaid without a rebound.
7:07 of 2nd period - Max Pacioretty wins face-off versus Connor McDavid in Predators zone.
7:30 of 2nd period - Shot by Kevin Hayes.
7:30 of 2nd period - Shot Misses the Net.
7:32 of 2nd period - Shot by Derick Brassard.
7:32 of 2nd period - Shot Blocked by Kris Russell.
7:34 of 2nd period - Shot by Derick Brassard.
7:34 of 2nd period - Shot Blocked by Craig Smith.
7:45 of 2nd period - Minor Penalty to Derick Brassard for Interference.
7:46 of 2nd period - Benoit Pouliot wins face-off versus Joe Colborne in Predators zone.
7:47 of 2nd period - Shot by Alex Goligoski.
7:47 of 2nd period - Shot Misses the Net.
8:07 of 2nd period - Shot by Jaromir Jagr.
8:07 of 2nd period - Stopped by Keith Kinkaid without a rebound.
8:08 of 2nd period - Cedric Paquette wins face-off versus Joe Colborne in Predators zone.
8:26 of 2nd period - Shot by Karl Alzner.
8:26 of 2nd period - Stopped by Keith Kinkaid without a rebound.
8:27 of 2nd period - Connor McDavid wins face-off versus Vladislav Namestnikov in Predators zone.
8:32 of 2nd period - Shot by Jaromir Jagr.
8:32 of 2nd period - Shot Misses the Net.
8:34 of 2nd period - Shot by Joel Edmundson.
8:34 of 2nd period - Shot Blocked by Zbynek Michalek.
8:36 of 2nd period - Shot by Joel Edmundson.
8:36 of 2nd period - Stopped by Keith Kinkaid without a rebound.
8:37 of 2nd period - Joe Colborne wins face-off versus Cedric Paquette in Predators zone.
8:59 of 2nd period - Shot by Tomas Tatar.
8:59 of 2nd period - Shot Blocked by Jordie Benn.
10:16 of 2nd period - Shot by Jaromir Jagr.
10:16 of 2nd period - Shot Blocked by Zbynek Michalek.
10:18 of 2nd period - Shot by Nick Schultz.
10:18 of 2nd period - Shot Misses the Net.
10:33 of 2nd period - Off-side.
10:34 of 2nd period - Nicklas Backstrom wins face-off versus Connor McDavid in neutral zone.
10:40 of 2nd period - Icing by Fredrik Claesson.
10:41 of 2nd period - Connor McDavid wins face-off versus Nicklas Backstrom in Rangers zone.
10:57 of 2nd period - Icing by Jordie Benn.
10:58 of 2nd period - Mark Letestu wins face-off versus Steven Stamkos in Predators zone.
11:15 of 2nd period - Minor Penalty to Karl Alzner for Hooking.
11:15 of 2nd period - Minor Penalty to Steven Stamkos for High sticking.
11:16 of 2nd period - Cedric Paquette wins face-off versus Jaden Schwartz in Rangers zone.
11:29 of 2nd period - Zbynek Michalek is hit by Cedric Paquette and loses puck.
11:34 of 2nd period - Shot by Tyler Ennis.
11:34 of 2nd period - Stopped by Keith Kinkaid with a rebound.
11:36 of 2nd period - Shot by Alex Goligoski.
11:36 of 2nd period - Stopped by Keith Kinkaid without a rebound.
11:37 of 2nd period - Cedric Paquette wins face-off versus Jaden Schwartz in Predators zone.
11:52 of 2nd period - Minor Penalty to Cedric Paquette for Cross-checking.
11:53 of 2nd period - Jaden Schwartz wins face-off versus Matt Calvert in Rangers zone.
12:08 of 2nd period - Shot by Jaden Schwartz.
12:08 of 2nd period - Shot Blocked by Joel Edmundson.
12:10 of 2nd period - Shot by Vladislav Namestnikov.
12:10 of 2nd period - Shot Misses the Net.
13:38 of 2nd period - Shot by Jaden Schwartz.
13:38 of 2nd period - Shot Misses the Net.
13:40 of 2nd period - Shot by Zach Bogosian.
13:40 of 2nd period - Shot Misses the Net.
14:08 of 2nd period - Shot by Tomas Tatar.
14:08 of 2nd period - Deflect By Craig Smith.
14:08 of 2nd period - Stopped by Keith Kinkaid with a rebound.
14:18 of 2nd period - Shot by Tomas Tatar.
14:18 of 2nd period - Stopped by Keith Kinkaid without a rebound.
14:19 of 2nd period - Joe Colborne wins face-off versus Brad Richards in Predators zone.
14:30 of 2nd period - Shot by Phillip Di Giuseppe.
14:30 of 2nd period - Shot Misses the Net.
14:32 of 2nd period - Shot by Phillip Di Giuseppe.
14:32 of 2nd period - Shot Misses the Net.
14:53 of 2nd period - Phillip Di Giuseppe is hit by Alex Goligoski and loses puck.
15:46 of 2nd period - Zach Bogosian is hit by Craig Smith and loses puck.
16:00 of 2nd period - Zach Bogosian is hit by Joel Edmundson and loses puck.
16:07 of 2nd period - Shot by Steven Stamkos.
16:07 of 2nd period - Stopped by Scott Darling without a rebound.
16:08 of 2nd period - Max Pacioretty wins face-off versus Mark Letestu in Rangers zone.
16:09 of 2nd period - Shot by Roman Josi.
16:09 of 2nd period - Shot Misses the Net.
16:21 of 2nd period - Nick Schultz is hit by Kevin Hayes and loses puck.
16:43 of 2nd period - Zbynek Michalek is hit by Matt Calvert and loses puck.
17:18 of 2nd period - Shot by Brad Richards.
17:18 of 2nd period - Shot Misses the Net.
17:29 of 2nd period - Benoit Pouliot is hit by Jordie Benn and loses puck.
17:33 of 2nd period - Jaromir Jagr is hit by Jordie Benn and loses puck.
17:50 of 2nd period - Shot by Connor McDavid.
17:50 of 2nd period - Stopped by Keith Kinkaid without a rebound.
17:51 of 2nd period - Connor McDavid wins face-off versus Vincent Trocheck in Predators zone.
18:00 of 2nd period - Shot by Connor McDavid.
18:00 of 2nd period - Stopped by Keith Kinkaid with a rebound.
18:49 of 2nd period - Matt Calvert is hit by Zbynek Michalek and loses puck.
19:00 of 2nd period - Shot by Tyler Ennis.
19:00 of 2nd period - Stopped by Keith Kinkaid without a rebound.
19:01 of 2nd period - Nicklas Backstrom wins face-off versus Brad Richards in Predators zone.
19:18 of 2nd period - Shot by Steven Stamkos.
19:18 of 2nd period - Goal by Steven Stamkos - Predators : 4 - Rangers : 0.
19:19 of 2nd period - Mark Letestu wins face-off versus Vincent Trocheck in neutral zone.
19:35 of 2nd period - Tyler Ennis is hit by Zach Bogosian and loses puck.
19:50 of 2nd period - Shot by Tyler Ennis.
19:50 of 2nd period - Shot Misses the Net.
19:52 of 2nd period - Shot by Mark Letestu.
19:52 of 2nd period - Shot Misses the Net.
19:54 of 2nd period - Shot by Matt Calvert.
19:54 of 2nd period - Shot Misses the Net.
19:56 of 2nd period - Shot by Nick Schultz.
19:56 of 2nd period - Shot Blocked by Jaden Schwartz.
Goals for this period are 1 for Predators vs 0 for Rangers.
Shots for this period are 3 for Predators vs 14 for Rangers.

3rd period


0:01 of 3rd period - Nicklas Backstrom wins face-off versus Connor McDavid in neutral zone.
0:35 of 3rd period - Icing by Zach Bogosian.
0:36 of 3rd period - Brad Richards wins face-off versus Nicklas Backstrom in Predators zone.
0:36 of 3rd period - Brad Richards is hit by Zach Bogosian.
0:38 of 3rd period - Shot by Jaromir Jagr.
0:38 of 3rd period - Stopped by Keith Kinkaid with a rebound.
1:09 of 3rd period - Shot by Jaromir Jagr.
1:09 of 3rd period - Stopped by Keith Kinkaid without a rebound.
1:10 of 3rd period - Vincent Trocheck wins face-off versus Mark Letestu in Predators zone.
1:51 of 3rd period - Shot by Matt Calvert.
1:51 of 3rd period - Shot Blocked by Roman Josi.
2:13 of 3rd period - Shot by Connor McDavid.
2:13 of 3rd period - Stopped by Keith Kinkaid without a rebound.
2:14 of 3rd period - Brad Richards wins face-off versus Derick Brassard in Predators zone.
3:31 of 3rd period - Shot by Connor McDavid.
3:31 of 3rd period - Stopped by Keith Kinkaid without a rebound.
3:32 of 3rd period - Nicklas Backstrom wins face-off versus Mark Letestu in Predators zone.
3:32 of 3rd period - Nicklas Backstrom is hit by Tyler Ennis.
3:42 of 3rd period - Shot by Steven Stamkos.
3:42 of 3rd period - Shot Blocked by Karl Alzner.
4:36 of 3rd period - Icing by Kris Russell.
4:37 of 3rd period - Connor McDavid wins face-off versus Vincent Trocheck in Rangers zone.
4:37 of 3rd period - Tomas Tatar is hit by Vincent Trocheck and loses puck.
4:46 of 3rd period - Shot by Jaden Schwartz.
4:46 of 3rd period - Shot Misses the Net.
5:00 of 3rd period - Shot by Jaden Schwartz.
5:00 of 3rd period - Shot Misses the Net.
5:02 of 3rd period - Shot by Vincent Trocheck.
5:02 of 3rd period - Stopped by Scott Darling without a rebound.
5:03 of 3rd period - Brad Richards wins face-off versus Joe Colborne in Rangers zone.
5:35 of 3rd period - Shot by Joe Colborne.
5:35 of 3rd period - Shot Blocked by Benoit Pouliot.
5:49 of 3rd period - Shot by Max Pacioretty.
5:49 of 3rd period - Stopped by Scott Darling without a rebound.
5:50 of 3rd period - Nicklas Backstrom wins face-off versus Connor McDavid in Rangers zone.
5:59 of 3rd period - Shot by Steven Stamkos.
5:59 of 3rd period - Stopped by Scott Darling without a rebound.
6:00 of 3rd period - Connor McDavid wins face-off versus Nicklas Backstrom in Rangers zone.
6:04 of 3rd period - Alex Goligoski is hit by Zach Bogosian and loses puck.
6:14 of 3rd period - Connor McDavid is hit by Jordie Benn.
6:32 of 3rd period - Shot by Tomas Tatar.
6:32 of 3rd period - Shot Misses the Net.
6:34 of 3rd period - Shot by Craig Smith.
6:34 of 3rd period - Stopped by Keith Kinkaid without a rebound.
6:35 of 3rd period - Brad Richards wins face-off versus Max Pacioretty in Predators zone.
6:36 of 3rd period - Shot by Jaromir Jagr.
6:36 of 3rd period - Stopped by Keith Kinkaid without a rebound.
6:37 of 3rd period - Vincent Trocheck wins face-off versus Brad Richards in Predators zone.
6:37 of 3rd period - Zbynek Michalek is hit by Benoit Pouliot and loses puck.
7:20 of 3rd period - Shot by Jaden Schwartz.
7:20 of 3rd period - Stopped by Scott Darling without a rebound.
7:21 of 3rd period - Connor McDavid wins face-off versus Vladislav Namestnikov in Rangers zone.
7:21 of 3rd period - Connor McDavid is hit by Vladislav Namestnikov.
7:33 of 3rd period - Shot by Tomas Tatar.
7:33 of 3rd period - Deflect By Connor McDavid.
7:33 of 3rd period - Stopped by Keith Kinkaid without a rebound.
7:34 of 3rd period - Max Pacioretty wins face-off versus Mark Letestu in Predators zone.
7:38 of 3rd period - Minor Penalty to Klas Dahlbeck for Tripping.
7:39 of 3rd period - Joe Colborne wins face-off versus Cedric Paquette in Predators zone.
8:01 of 3rd period - Minor Penalty to Vincent Trocheck for High sticking.
8:02 of 3rd period - Jaden Schwartz wins face-off versus Connor McDavid in Predators zone.
8:46 of 3rd period - Shot by Connor McDavid.
8:46 of 3rd period - Shot Blocked by Zach Bogosian.
9:12 of 3rd period - Shot by Tomas Tatar.
9:12 of 3rd period - Shot Misses the Net.
9:32 of 3rd period - Shot by Cedric Paquette.
9:32 of 3rd period - Shot Misses the Net.
9:54 of 3rd period - Shot by Benoit Pouliot.
9:54 of 3rd period - Stopped by Keith Kinkaid without a rebound.
9:55 of 3rd period - Connor McDavid wins face-off versus Vladislav Namestnikov in Predators zone.
10:19 of 3rd period - Minor Penalty to Klas Dahlbeck for Roughing.
10:20 of 3rd period - Connor McDavid wins face-off versus Vladislav Namestnikov in Predators zone.
10:41 of 3rd period - Joe Colborne is hit by Jaromir Jagr and loses puck.
11:19 of 3rd period - Shot by Cedric Paquette.
11:19 of 3rd period - Shot Misses the Net.
12:00 of 3rd period - Icing by Alex Goligoski.
12:01 of 3rd period - Connor McDavid wins face-off versus Joe Colborne in Rangers zone.
12:37 of 3rd period - Shot by Brad Richards.
12:37 of 3rd period - Shot Blocked by Roman Josi.
12:39 of 3rd period - Shot by Fredrik Claesson.
12:39 of 3rd period - Stopped by Keith Kinkaid with a rebound.
12:41 of 3rd period - Shot by Kris Russell.
12:41 of 3rd period - Shot Blocked by Roman Josi.
12:43 of 3rd period - Shot by Fredrik Claesson.
12:43 of 3rd period - Stopped by Keith Kinkaid with a rebound.
12:45 of 3rd period - Shot by Mikael Backlund.
12:45 of 3rd period - Goal by Mikael Backlund - Predators : 4 - Rangers : 1.
12:46 of 3rd period - Mark Letestu wins face-off versus Nicklas Backstrom in neutral zone.
12:59 of 3rd period - Shot by Alex Goligoski.
12:59 of 3rd period - Shot Blocked by Zach Bogosian.
13:20 of 3rd period - Matt Calvert is hit by Zach Bogosian and loses puck.
13:34 of 3rd period - Icing by Zach Bogosian.
13:35 of 3rd period - Connor McDavid wins face-off versus Nicklas Backstrom in Predators zone.
14:26 of 3rd period - Shot by Brad Richards.
14:26 of 3rd period - Shot Blocked by Joe Colborne.
14:28 of 3rd period - Shot by Brad Richards.
14:28 of 3rd period - Shot Misses the Net.
14:40 of 3rd period - Shot by Jaromir Jagr.
14:40 of 3rd period - Stopped by Keith Kinkaid with a rebound.
15:39 of 3rd period - Shot by Matt Calvert.
15:39 of 3rd period - Stopped by Keith Kinkaid without a rebound.
15:40 of 3rd period - Max Pacioretty wins face-off versus Connor McDavid in Predators zone.
16:33 of 3rd period - Kris Russell is hit by Steven Stamkos and loses puck.
17:38 of 3rd period - Shot by Derick Brassard.
17:38 of 3rd period - Stopped by Scott Darling without a rebound.
17:39 of 3rd period - Max Pacioretty wins face-off versus Benoit Pouliot in Rangers zone.
18:10 of 3rd period - Shot by Jaromir Jagr.
18:10 of 3rd period - Shot Misses the Net.
18:52 of 3rd period - Shot by Nicklas Backstrom.
18:52 of 3rd period - Shot Misses the Net.
18:54 of 3rd period - Shot by Klas Dahlbeck.
18:54 of 3rd period - Stopped by Scott Darling without a rebound.
18:55 of 3rd period - Vincent Trocheck wins face-off versus Tyler Ennis in Rangers zone.
19:28 of 3rd period - Shot by Vincent Trocheck.
19:28 of 3rd period - Goal by Vincent Trocheck - Predators : 5 - Rangers : 1.
19:29 of 3rd period - Brad Richards wins face-off versus Nicklas Backstrom in neutral zone.
19:32 of 3rd period - Shot by Mikael Backlund.
19:32 of 3rd period - Stopped by Keith Kinkaid without a rebound.
19:33 of 3rd period - Nicklas Backstrom wins face-off versus Brad Richards in Predators zone.
19:42 of 3rd period - Icing by Mikael Backlund.
19:43 of 3rd period - Nicklas Backstrom wins face-off versus Brad Richards in Rangers zone.
Goals for this period are 1 for Predators vs 1 for Rangers.
Shots for this period are 7 for Predators vs 14 for Rangers.